AoeStats
← HAMADY

Oasis

509015053Analyzed
4v4 RM · 7d ago on Sep 25, 2026· 39m 28s· 8 players
Game mode
Random Map
Map size
Large (8 player)
Population
200
Speed
Normal
Resources
Standard
Victory
Conquest
Starting age
Dark Age
Ending age
Imperial Age
RankedLock teamsTeams togetherTeam positionsShared explorationLock speedFull tech treeHidden civsTurbo modeCheats
Victory
Defeat
🇨🇴 Persians · Colombia
1364
+14
🇺🇸 Britons · United States
1326
+16
🇨🇴 Khmer · Colombia
1303
+17
🇺🇸 Britons · United States
1192
+21
🇺🇸 Hindustanis · United States
1341
-18
🇺🇸 Saxons · United States
1335
-18
🇨🇦 Britons · Canada
1317
-17
🇯🇵 Varangians · Japan
1275
-15
.Bast
3:20 Loom
6:22 Loom
9:00 Feudal Age
12:12 Fletching
17:37 Padded Archer Armor
23:31 Castle Age
21:52 Double-Bit Axe
22:21 Horse Collar
23:34 Gold Mining
24:17 Bodkin Arrow
24:06 Crossbowman
26:11 Bow Saw
28:08 Wheelbarrow
29:21 Leather Archer Armor
29:59 Ballistics
31:26 Town Watch
37:06 Imperial Age
35:41 Gold Shaft Mining
37:49 Bracer
38:51 Chemistry
38:14 Conscription
37:41 Arbalester
Beller
7:05 Loom
9:20 Feudal Age
10:13 Double-Bit Axe
11:55 Fletching
22:40 Castle Age
22:35 Horse Collar
22:47 Crossbowman
23:35 Bodkin Arrow
29:02 Ballistics
30:36 Padded Archer Armor
33:21 Wheelbarrow
33:17 Leather Archer Armor
37:58 Imperial Age
36:39 Leather Archer Armor
37:14 Hand Cart
37:17 Town Watch
38:42 Bracer
38:09 Arbalester
Dadagama
6:44 Loom
8:49 Feudal Age
9:31 Double-Bit Axe
13:02 Scale Barding Armor
14:25 Forging
18:45 Horse Collar
19:20 Bloodlines
21:15 Wheelbarrow
24:13 Castle Age
26:34 Husbandry
26:54 Bow Saw
26:29 Light Cavalry
29:15 Chain Barding Armor
31:51 Hand Cart
31:54 Gold Mining
32:21 Heavy Plow
36:42 Town Watch
37:41 Iron Casting
41:59 Imperial Age
Bohemio_Antisemilla
8:51 Feudal Age
8:16 Loom
8:48 Loom
9:36 Double-Bit Axe
9:33 Horse Collar
11:54 Town Watch
11:54 Loom
14:33 Forging
16:33 Scale Barding Armor
20:36 Wheelbarrow
20:31 Bloodlines
25:03 Castle Age
23:28 Gold Mining
25:06 Light Cavalry
25:46 Husbandry
36:02 Chain Barding Armor
38:48 Gold Shaft Mining
38:05 Stone Mining
all peacocks are the same
7:37 Loom
10:49 Feudal Age
11:36 Double-Bit Axe
14:09 Horse Collar
18:43 Padded Archer Armor
22:46 Castle Age
21:14 Fletching
24:28 Bow Saw
24:38 Gold Mining
25:58 Elite Skirmisher
31:10 Bodkin Arrow
33:13 Leather Archer Armor
36:49 Ballistics
37:44 Wheelbarrow
37:16 Heavy Plow
41:09 Imperial Age
39:11 Scale Mail Armor
ForseenCow
9:20 Feudal Age
7:39 Loom
9:50 Double-Bit Axe
10:00 Horse Collar
16:41 Bloodlines
17:19 Scale Barding Armor
17:49 Forging
20:14 Wheelbarrow
24:15 Castle Age
25:41 Chain Barding Armor
26:26 Light Cavalry
28:27 Husbandry
34:05 Hand Cart
33:35 Town Watch
35:18 Heavy Plow
39:25 Imperial Age
AoE_Dog
6:56 Loom
9:09 Feudal Age
10:03 Town Watch
10:18 Double-Bit Axe
14:00 Fletching
14:31 Padded Archer Armor
16:07 Horse Collar
24:52 Castle Age
23:07 Gold Mining
25:41 Bodkin Arrow
25:10 Crossbowman
27:29 Leather Archer Armor
29:31 Ballistics
31:07 Bow Saw
33:16 Stone Mining
40:48 Imperial Age
HAMADY
7:16 Loom
9:56 Feudal Age
10:31 Double-Bit Axe
13:59 Horse Collar
15:41 Wheelbarrow
17:30 Town Watch
21:17 Castle Age
20:29 Bloodlines
20:32 Scale Barding Armor
21:05 Forging
23:25 Husbandry
26:49 Chain Barding Armor
39:03 Imperial Age
38:08 Iron Casting
37:50 Bow Saw
37:45 Heavy Plow
39:05 Cavalier
40:22 Plate Barding Armor
Connection lost

Rejoining the realm…

Still unreachable

The connection could not be restored.

Session expired

The server has moved on; the page needs a fresh start.